 Dungeon Sprint DCSS version 0.30-a0-859-gf88a04b62d (webtiles) character file.

Game seed: 6632155746521570105

9 rocky1 the Insei (level 2, -4/18 HPs)
             Began as an Octopode Transmuter on Mar 7, 2023.
             Was an Initiate of Sif Muna.
             Slain by a gnoll
             ... wielding a +0 spear
              (9 damage)
             ... in the Dungeon (Sprint VII: "The Pits").
             The game lasted 00:00:46 (321 turns).

rocky1 the Insei (Octopode Transmuter)               Turns: 321, Time: 00:00:46

Health: -4/18      AC:  1    Str:  9    XL:     2   Next: 12%
Magic:  3/5        EV: 13    Int: 15    God:    Sif Muna [......]
Gold:   0          SH:  0    Dex: 12    Spells: 5/6 levels left

rFire   . . .      SeeInvis .      - Unarmed
rCold   . . .      Faith    .    (no shield)
rNeg    . . .      Spirit   .    (helmet currently unavailable)
rPois   .          Reflect  .    (no amulet)
rElec   .          Rampage  .    (no ring)
rCorr   .          NoTele   +    (no ring)
Will    .....                    (no ring)
Stlth   ++                       (no ring)
HPRegen 0.23/turn                (no ring)
MPRegen 0.09/turn                (no ring)
                                 (no ring)
                                 (no ring)

@: appendages, very slightly contaminated
A: tentacle spike 3, almost no armour, amphibious, 8 rings, camouflage 1,
gelatinous body 1, (nimble swimmer 1), tentacles
a: End Transformation, Renounce Religion


You were in the Dungeon.
You worshipped Sif Muna.
Sif Muna was noncommittal.
One of your tentacles had grown a beastly spike.
You visited 1 branch

Inventory:

Scrolls
 g - a scroll of blinking
 h - 5 scrolls of amnesia
 i - a scroll of butterflies
Potions
 a - a potion of lignification
 b - 2 potions of invisibility
 c - a potion of heal wounds
 d - a potion of haste
 e - 4 potions of magic
 f - 3 potions of berserk rage


   Skills:
 * Level 1.0 Fighting
 * Level 2.4 Dodging
 * Level 4.0 Unarmed Combat
 + Level 2.8 Spellcasting
 + Level 2.4 Transmutations
 + Level 0.0 Invocations


You had 5 spell levels left.
You knew the following spells:

 Your Spells              Type           Power      Damage    Failure   Level
a - Beastly Appendage     Tmut           18%        N/A       8%          1

Your spell library contained the following spells:

 Spells                   Type           Power      Damage    Failure   Level
 Wereblood                Tmut           9%         N/A       12%         2
 Spider Form              Tmut/Pois      5%         N/A       36%         3
 Ice Form                 Ice/Tmut       5%         N/A       77%         4


Dungeon Overview and Level Annotations

Branches:
Dungeon (1/1)

Altars:
Ashenzari
Cheibriados
Dithmenos
Elyvilon
Fedhas
Gozag
Hepliaklqana
Kikubaaqudgha
Makhleb
Nemelex Xobeh
Okawaru
Qazlal
Ru
Sif Muna
Trog
Uskayaw
Vehumet
Wu Jian
Xom
Yredelemnul
Zin
The Shining One
Jiyva
Lugonu


Innate Abilities, Weirdness & Mutations

One of your tentacles has grown a beastly spike.
You cannot wear most types of armour.
You are amphibious.
You can wear up to eight rings at the same time.
Your skin changes colour to match your surroundings (Stealth+).
Your rubbery body absorbs attacks. (AC +1, EV +1)
((You are camouflaged when in or above water. (Stealth+)))
You have tentacles for arms and can constrict up to eight enemies at once.


Message History

Found fourteen altars.
There is an open door to the Temple (Safe) here.
Found three altars.
There is a viscous altar of Jiyva here.
Found three altars.
There is a hazy altar of Hepliaklqana here.
There is a shimmering blue altar of Sif Muna here.
There is a sacrificial altar of Ru here.
There is a shimmering blue altar of Sif Muna here.
You curl up in front of the altar of Sif Muna.
Sif Muna welcomes you!
There is a bloodstained altar of Trog here.
There is an open door to the Temple (Safe) here.
You open the door.
A gnoll comes into view. It is wielding a +0 spear.
Casting: Beastly Appendage (safe; 8% risk of failure)
Confirm with . or Enter, or press ? or * to list all spells.
You miscast Beastly Appendage.
You are very lightly contaminated with residual magic.
Nothing appears to happen.
There is an open door here.
Casting: Beastly Appendage (safe; 8% risk of failure)
Confirm with . or Enter, or press ? or * to list all spells.
One of your tentacles grows a vicious spike.
The gnoll shouts!
The gnoll hits you with a +0 spear!
You closely miss the gnoll. Your grab misses the gnoll. You squeeze the gnoll.
The gnoll is lightly wounded.
The gnoll barely misses you.
You tentacle-slap the gnoll. Your grab misses the gnoll.
You pierce the gnoll.
The gnoll is moderately wounded.
The gnoll hits you with a +0 spear!
* * * LOW HITPOINT WARNING * * *
You are too injured to fight recklessly!
You barely miss the gnoll. You grab the gnoll. You squeeze the gnoll.
The gnoll is severely wounded.
You constrict the gnoll, but do no damage.
The gnoll hits you with a +0 spear!
Ouch! That really hurt!
You die...

#_________.# #_________.#
#_______...###########++
##########'##...........
#.?(.')))'.##......#..#.
##########.##...........
#...........รท...........
#+#####'#####......#..#.
#.@# #........... +g.+
####'#####++ ####
#.......# #.......#
#.......# #...<...#
#.......# #.......#
#.......#


You could see a gnoll.

Vanquished Creatures
  An adder (D)
1 creature vanquished.

Notes
Turn   | Place    | Note
-------+----------+-------------------------------------------
     0 | D        | rocky1 the Octopode Transmuter began the quest for the Orb.
     0 | D        | Reached XP level 1. HP: 13/13 MP: 3/3
    18 | D        | Reached skill level 4 in Unarmed Combat
    18 | D        | Reached XP level 2. HP: 2/18 MP: 2/5
   273 | D        | Found a bloodstained altar of Trog.
   273 | D        | Found a shimmering blue altar of Sif Muna.
   273 | D        | Found a viscous altar of Jiyva.
   273 | D        | Found a hazy altar of Hepliaklqana.
   273 | D        | Found an opulent altar of Gozag.
   294 | D        | Found a glowing golden altar of the Shining One.
   294 | D        | Found a glowing silver altar of Zin.
   294 | D        | Found a basalt altar of Yredelemnul.
   294 | D        | Found a shimmering altar of Xom.
   294 | D        | Found an ornate altar of the Wu Jian Council.
   294 | D        | Found a sacrificial altar of Ru.
   294 | D        | Found a stormy altar of Qazlal.
   294 | D        | Found an iron altar of Okawaru.
   294 | D        | Found a sparkling altar of Nemelex Xobeh.
   294 | D        | Found a burning altar of Makhleb.
   294 | D        | Found a blossoming altar of Fedhas.
   294 | D        | Found a white marble altar of Elyvilon.
   294 | D        | Found a shadowy altar of Dithmenos.
   294 | D        | Found a snail-covered altar of Cheibriados.
   298 | D        | Found a corrupted altar of Lugonu.
   298 | D        | Found a radiant altar of Vehumet.
   299 | D        | Found a broken altar of Ashenzari.
   299 | D        | Found an ancient bone altar of Kikubaaqudgha.
   299 | D        | Found a hide-covered altar of Uskayaw.
   303 | D        | Became a worshipper of Sif Muna the Loreminder
   321 | D        | Slain by a gnoll

Illustrated notes

Levels and vault maps discovered:
D:        pitsprint [storerooms_1, entrance_room_1, metal_vault_2, armoury_2,
          mini_pit_1, grid_room_1, main_hall_1, silver_pit, the_coven_3,
          the_vestibule_1, steel_vault_1, golden_pit, hallway_of_sentries,
          crystal_vault_1, iron_vault_3, final_vault]

Skill      XL: |  1 |
---------------+----+-----
Unarmed Combat | 4 |  4.0
Fighting       | |  1.0
Dodging        | |  2.4
Spellcasting   | |  2.8
Transmutations | |  2.4

Action                     || total
---------------------------++-------
  Melee: Unarmed           ||     8
         Kick              ||     3
         Tentacles         ||     2
         Constrict         ||     1
   Cast: Beastly Appendage ||     2
    Use: Potion            ||     1
  Dodge: Dodged            ||     3

Table legend: (Time is in decaauts)
 A = Elapsed time spent in this place.
 B = Non-inter-level travel time spent in this place.
 C = Inter-level travel time spent in this place.
 D = Time resting spent in this place.
 E = Time spent auto-exploring this place.
 F = Levels seen in this place.
 G = Mean time per level.
                   A        B        C        D        E       F      G
               +--------+--------+--------+--------+--------+-----+--------+
         Total |    320 |    320 |      0 |    248 |      0 |   1 |  320.0 |
       Dungeon |    320 |    320 |      0 |    248 |      0 |   1 |  320.0 |
               +--------+--------+--------+--------+--------+-----+--------+

Top non-repeatable levels by time:
       D: 320 daAuts
